[Event "Titled Tuesday Blitz April 12 Early 2022"]
[White "Secheres, Adrian-Simion"]
[Black "Kaminski, Victor"]
[WhiteFideId "1217445"]
[BlackFideId "1131630"]
[WhiteElo "2277"]
[BlackElo "2181"]
[Result "1-0"]
[Round "02"]
[TimeControl "180+1"]
[Date "2022.04.13"]
[WhiteClock "0:00:47"]
[BlackClock "0:00:06"]

1. d4 Nf6 2. c4 c5 3. d5 b5 4. cxb5 a6 5. e3 e6 6. Nc3 axb5 7. Bxb5 Bb7 8. dxe6 Bxg2 9. exf7+ Kxf7 10. Nf3 Bxh1 11. Bc4+ Ke8 12. Ng5 d5 13. Bb5+ Nbd7 14. Ke2 Be4 15. Ncxe4 dxe4 16. b3 Qb6 17. a4 Rd8 18. Bb2 Be7 19. Qc2 Qb7 20. Rd1 h6 21. Ne6 Rc8 22. Nxg7+ Kf7 23. Nf5 Rcd8 24. Qc4+ Kf8 25. Qe6 Qb6 26. Qxe7+ 1-0


[Site "https://www.chess.com"]

[Event "Titled Tuesday Blitz April 12 Early 2022"]
[White "Seo, Jung Min"]
[Black "Andreikin, Dmitry"]
[WhiteFideId "1734687"]
[BlackFideId "4158814"]
[WhiteElo "2401"]
[BlackElo "2736"]
[Result "1/2-1/2"]
[Round "02"]
[TimeControl "180+1"]
[Date "2022.04.12"]
[WhiteClock "0:00:25"]
[BlackClock "0:01:43"]

1. d4 d5 2. c4 e6 3. Nf3 a6 4. cxd5 exd5 5. Nc3 Nc6 6. Bf4 Be6 7. e3 h6 8. h3 Nf6 9. Bd3 Bd6 10. Bxd6 Qxd6 11. Rc1 O-O 12. O-O Ne7 13. Na4 Rad8 14. Nc5 Bc8 15. Qb3 b6 16. Nxa6 Bxa6 17. Bxa6 c5 18. dxc5 bxc5 19. Be2 Ra8 20. a3 Rfb8 21. Qc2 Qb6 22. Rb1 Ne4 23. Rfc1 Qf6 24. Bd3 Ng6 25. Bxe4 dxe4 26. Qxe4 Ra7 27. Rxc5 Rxb2 28. Rc8+ Nf8 29. Rxb2 Qxb2 30. Qb4 Qxb4 31. axb4 Rb7 32. Ne5 g5 33. Ng4 Kg7 34. Nxh6 Ne6 35. Nf5+ Kf6 36. Nd4 Nxd4 37. exd4 Rxb4 38. Rd8 Ke7 39. Rd5 f6 40. g4 Ke6 41. Rd8 Ke7 42. Rd5 Ke6 43. Rf5 Rxd4 44. Kg2 Kf7 45. Kg3 Kg6 46. h4 Rd3+ 47. f3 gxh4+ 48. Kxh4 Ra3 49. Kg3 Rb3 50. Kh4 Ra3 51. Kg3 Rb3 52. Kh4 Ra3 1/2-1/2


[Site "https://www.chess.com"]

[Event "Titled Tuesday Blitz April 12 Early 2022"]
[White "Shandrygin, Nikita"]
[Black "Ishbaev, Alibek"]
[WhiteFideId "24198668"]
[BlackFideId "14205017"]
[WhiteElo "2323"]
[BlackElo "2319"]
[Result "1-0"]
[Round "02"]
[TimeControl "180+1"]
[Date "2022.04.13"]
[WhiteClock "0:01:24"]
[BlackClock "0:00:39"]

1. Nf3 c5 2. g3 Nc6 3. d4 cxd4 4. Nxd4 e5 5. Nxc6 dxc6 6. Qxd8+ Kxd8 7. f3 Kc7 8. e4 Be6 9. Be3 Nf6 10. Nd2 b5 11. a4 b4 12. Bc4 Bxc4 13. Nxc4 Nd7 14. Ke2 f6 15. Rhd1 Be7 16. Rd3 Rhd8 17. Rad1 Nb6 18. Nxb6 axb6 19. Rxd8 Rxd8 20. Rxd8 Bxd8 21. Kd3 b5 22. axb5 cxb5 23. Bc5 Kc6 24. Bxb4 g6 25. g4 h5 26. h3 Kd7 27. c4 Kc6 28. b3 Kb6 29. Bf8 hxg4 30. hxg4 Kc6 31. Kc3 Ba5+ 32. Bb4 Bd8 33. Kb2 Kb6 34. Ka3 Kc6 35. Bf8 Kb6 36. Kb4 bxc4 37. Kxc4 Kc6 38. b4 Kb6 39. b5 1-0


[Site "https://www.chess.com"]

[Event "Titled Tuesday Blitz April 12 Early 2022"]
[White "Shipov, Sergei"]
[Black "Girinath, P.D.S."]
[WhiteFideId "4113624"]
[BlackFideId "5000572"]
[WhiteElo "2800"]
[BlackElo "2369"]
[Result "1-0"]
[Round "02"]
[TimeControl "180+1"]
[Date "2022.04.13"]
[WhiteClock "0:00:38"]
[BlackClock "0:00:05"]

1. d4 e6 2. c4 f5 3. Nf3 Nf6 4. g3 Be7 5. Bg2 O-O 6. O-O a5 7. d5 exd5 8. cxd5 Bc5 9. Nc3 d6 10. b3 Qe7 11. Bb2 Nbd7 12. e3 Ne5 13. Nd4 Bd7 14. Qc2 g6 15. Rad1 Rae8 16. h3 h5 17. h4 Neg4 18. Nce2 Ne4 19. Nf4 Nxg3 20. Nxg6 Qf7 21. Nxf8 Nxf1 22. Nxd7 Nfxe3 23. fxe3 Nxe3 24. Qd2 Qxd7 25. Re1 f4 26. Kh1 Qg4 27. Nf3 Re7 28. Re2 Kf8 29. Qc3 Ke8 30. Qh8+ Kd7 31. Qf6 Nxg2 32. Rxe7+ 1-0


[Site "https://www.chess.com"]

[Event "Titled Tuesday Blitz April 12 Early 2022"]
[White "Shohat, Yotam"]
[Black "Kamsky, Gata"]
[WhiteFideId "2813955"]
[BlackFideId "2000024"]
[WhiteElo "2119"]
[BlackElo "2645"]
[Result "0-1"]
[Round "02"]
[TimeControl "180+1"]
[Date "2022.04.13"]
[WhiteClock "0:00:05"]
[BlackClock "0:00:29"]

1. e4 e5 2. f4 d5 3. Nf3 dxe4 4. Nxe5 Bd6 5. Bc4 Bxe5 6. fxe5 Nc6 7. Qh5 g6 8. Qe2 Qd4 9. c3 Qxe5 10. d4 exd3 11. Bxd3 Bg4 12. Qxe5+ Nxe5 13. Be4 O-O-O 14. O-O f5 15. Bc2 Nf6 16. Bg5 Rhf8 17. h3 Be2 18. Re1 Bd3 19. Bxd3 Nxd3 20. Re6 Rd6 21. Rxd6 cxd6 22. Na3 Ne4 23. Be3 Nxb2 24. Rb1 Na4 25. Bd4 b6 26. Nc4 Kc7 27. Ne3 Kc6 28. c4 Nac3 29. Rb2 f4 30. Ng4 h5 31. Nf2 Nxf2 32. Rxf2 Ne4 33. Re2 d5 34. cxd5+ Kxd5 35. Bb2 g5 36. Rc2 f3 37. gxf3 Rxf3 38. Kg2 Rg3+ 39. Kh2 Rd3 40. Bg7 Rd2+ 41. Rxd2+ Nxd2 42. Bh6 Ke4 43. Kg3 Nf3 44. Bg7 Nd4 45. Bf6 Ne6 46. Kg2 b5 47. Be7 a5 48. Kf2 Kf5 49. Bd6 Nf4 50. Kg3 h4+ 51. Kf3 Nxh3 52. Ke3 g4 53. Kd4 g3 54. Kc5 b4 55. Kb5 g2 56. Bc5 g1=Q 57. Bxg1 Nxg1 58. Kxa5 h3 59. Kxb4 h2 60. a4 h1=Q 0-1


[Site "https://www.chess.com"]

[Event "Titled Tuesday Blitz April 12 Early 2022"]
[White "Silva, Kaua Marques"]
[Black "Wesolowska, Hanna"]
[WhiteFideId "22701168"]
[BlackFideId "1104683"]
[WhiteElo "2071"]
[BlackElo "2308"]
[Result "1-0"]
[Round "02"]
[TimeControl "180+1"]
[Date "2022.04.13"]
[WhiteClock "0:00:30"]
[BlackClock "0:00:03"]

1. e4 c5 2. Nf3 d6 3. d4 cxd4 4. Nxd4 a6 5. c4 e6 6. Nc3 Nf6 7. Be2 Be7 8. O-O O-O 9. Be3 Qc7 10. Rc1 Nc6 11. Kh1 Bd7 12. Nc2 Rac8 13. b3 Rfd8 14. f4 Qb8 15. Bf3 b5 16. cxb5 axb5 17. Qe2 b4 18. Na4 Na7 19. Nb6 Rc3 20. Nxd7 Nxd7 21. Bd2 Rdc8 22. Bxc3 bxc3 23. Ne3 Nb5 24. Rfd1 Bf6 25. g3 c2 26. Rd2 Nc3 27. Rdxc2 Rc5 28. Qd2 Qc7 29. Nc4 Nb5 30. Qf2 Nd4 31. Rd2 Nxf3 32. Qxf3 d5 33. exd5 exd5 34. Rxd5 h6 35. Rcd1 Nf8 36. Rxc5 Qxc5 37. Qd5 Qf2 38. Qd2 Qf3+ 39. Kg1 Ne6 40. Ne5 Qe4 41. Qd3 Qb4 42. Nf3 Qb6+ 43. Kg2 h5 44. h4 Qb7 45. Re1 Nc5 46. Qe3 Ne6 47. Qe4 Qb4 48. Qxb4 1-0


[Site "https://www.chess.com"]

[Event "Titled Tuesday Blitz April 12 Early 2022"]
[White "Skliarov, Viktor"]
[Black "Lashkin, Jegor"]
[WhiteFideId "14106736"]
[BlackFideId "13907808"]
[WhiteElo "2229"]
[BlackElo "2368"]
[Result "0-1"]
[Round "02"]
[TimeControl "180+1"]
[Date "2022.04.12"]
[WhiteClock "0:00:03"]
[BlackClock "0:00:52"]

1. e4 c5 2. Nf3 d6 3. d4 cxd4 4. Qxd4 Nc6 5. Bb5 Bd7 6. Bxc6 Bxc6 7. Nc3 Nf6 8. Bg5 e6 9. O-O-O Be7 10. Rhe1 O-O 11. Kb1 b5 12. Bxf6 Bxf6 13. Qxd6 Qb6 14. e5 Rfd8 15. Qb4 a5 16. Qf4 Be7 17. Ng5 Bxg5 18. Qxg5 b4 19. Ne2 h6 20. Qg3 Qc5 21. Nc1 a4 22. f4 b3 23. cxb3 Be4+ 24. Ka1 Qc2 25. Rxd8+ Rxd8 26. Ne2 Rd1+ 0-1


[Site "https://www.chess.com"]

[Event "Titled Tuesday Blitz April 12 Early 2022"]
[White "Sovetbekova, Nurai"]
[Black "Alinasab, Mobina"]
[WhiteFideId "13801910"]
[BlackFideId "12528897"]
[WhiteElo "1538"]
[BlackElo "2031"]
[Result "0-1"]
[Round "02"]
[TimeControl "180+1"]
[Date "2022.04.13"]
[WhiteClock "0:00:02"]
[BlackClock "0:01:25"]

1. d4 Nf6 2. c4 e6 3. g3 d5 4. Bg2 dxc4 5. Nf3 c6 6. O-O b5 7. a4 Bb7 8. Ne5 a6 9. axb5 axb5 10. Rxa8 Bxa8 11. Nc3 Nd5 12. e4 Nxc3 13. bxc3 Nd7 14. f4 Be7 15. d5 cxd5 16. exd5 Nxe5 17. fxe5 Bxd5 18. Qh5 g6 19. Qg4 Bxg2 20. Kxg2 Qd5+ 21. Kh3 Qxe5 22. Qd1 O-O 23. Bf4 Qh5+ 0-1


[Site "https://www.chess.com"]

[Event "Titled Tuesday Blitz April 12 Early 2022"]
[White "Stevens, Christian"]
[Black "Mika, Tomasz"]
[WhiteFideId "2604450"]
[BlackFideId "1132970"]
[WhiteElo "2534"]
[BlackElo "2116"]
[Result "0-1"]
[Round "02"]
[TimeControl "180+1"]
[Date "2022.04.13"]
[WhiteClock "0:01:35"]
[BlackClock "0:02:15"]

1. e4 c6 2. Nf3 d5 3. exd5 cxd5 4. Ne5 Nc6 5. Bb5 Bd7 6. Bxc6 bxc6 7. d4 g6 8. O-O Bg7 9. Re1 Nf6 10. c4 dxc4 11. Qa4 O-O 12. Nxd7 Nxd7 13. Qxc4 Nb6 14. Qxc6 Bxd4 15. Nc3 Rc8 16. Qf3 Nc4 0-1


[Site "https://www.chess.com"]

[Event "Titled Tuesday Blitz April 12 Early 2022"]
[White "Stribuk, Artiom"]
[Black "Eynullayev, Atilla"]
[WhiteFideId "13515659"]
[BlackFideId "13413570"]
[WhiteElo "2259"]
[BlackElo "1936"]
[Result "1-0"]
[Round "02"]
[TimeControl "180+1"]
[Date "2022.04.13"]
[WhiteClock "0:02:11"]
[BlackClock "0:00:49"]

1. d4 Nf6 2. c4 e6 3. Nc3 Bb4 4. Qc2 O-O 5. e4 d5 6. e5 Ne4 7. Bd3 c5 8. Nf3 cxd4 9. Nxd4 Nd7 10. Bf4 Qh4 11. g3 Qh5 12. O-O g5 13. Be3 Nxe5 14. Be2 Ng4 15. Bxg4 Qxg4 16. f3 Qh5 17. fxe4 1-0


[Site "https://www.chess.com"]

[Event "Titled Tuesday Blitz April 12 Early 2022"]
[White "Svane, Frederik"]
[Black "Kouskoutis, Georgios-Alexandros"]
[WhiteFideId "12923044"]
[BlackFideId "4234049"]
[WhiteElo "2459"]
[BlackElo "2130"]
[Result "1-0"]
[Round "02"]
[TimeControl "180+1"]
[Date "2022.04.12"]
[WhiteClock "0:00:53"]
[BlackClock "0:00:05"]

1. e4 c5 2. Nf3 d6 3. d4 cxd4 4. Nxd4 Nf6 5. f3 g6 6. c4 Bg7 7. Nc3 O-O 8. Be3 Nc6 9. Be2 Bd7 10. O-O Qb6 11. Qd2 Nxe4 12. Nxc6 Nxd2 13. Nxe7+ Kh8 14. Bxb6 axb6 15. Rfd1 Bxc3 16. bxc3 Rfe8 17. Rxd2 Rxe7 18. Rb1 Bc6 19. Rxb6 Re3 20. Rb3 Re5 21. Kf2 Kg7 22. Rbb2 Rd8 23. Rd4 Kf8 24. Rbd2 Ke7 25. Bd1 Ra5 26. Bb3 g5 27. h4 h6 28. Kg3 f6 29. Kg4 Re5 30. Kg3 gxh4+ 31. Rxh4 h5 32. Kf2 Rg5 33. Re2+ Re5 34. Rxh5 Rxe2+ 35. Kxe2 Rg8 36. Kf2 Rg5 37. Rxg5 fxg5 38. Bc2 Kf6 39. Be4 Bd7 40. Bxb7 Ke5 41. Bd5 g4 42. Ke3 gxf3 43. Kxf3 Ba4 44. g4 Bd1+ 45. Kg3 Be2 46. a4 Bd1 47. a5 1-0


[Site "https://www.chess.com"]

[Event "Titled Tuesday Blitz April 12 Early 2022"]
[White "Svane, Rasmus"]
[Black "Piesik, Piotr"]
[WhiteFideId "4657101"]
[BlackFideId "1136194"]
[WhiteElo "2645"]
[BlackElo "2190"]
[Result "0-1"]
[Round "02"]
[TimeControl "180+1"]
[Date "2022.04.12"]
[WhiteClock "0:00:14"]
[BlackClock "0:00:44"]

1. Nf3 g6 2. e4 Bg7 3. d4 c6 4. Bd3 d6 5. O-O Nf6 6. h3 O-O 7. c3 Nbd7 8. Re1 e5 9. Be3 Re8 10. Nbd2 Qc7 11. Qc2 d5 12. Nxe5 Nxe5 13. dxe5 Nxe4 14. f4 Nxd2 15. Qxd2 f6 16. exf6 Bxf6 17. f5 Bxf5 18. Bxf5 gxf5 19. Rf1 Qd7 20. Rf3 Bg7 21. Raf1 Rf8 22. Qd3 Rae8 23. Bxa7 Re4 24. Rg3 f4 25. Rg4 Kh8 26. Qd2 Qf5 27. Bc5 Rf7 28. Bd6 Be5 29. Bxe5+ Qxe5 30. Rf3 h5 31. Rh4 Kg7 32. Qf2 Rf5 33. Rd3 Re1+ 34. Kh2 f3+ 35. g3 Re2 36. Rd2 Rxf2+ 37. Rxf2 0-1


[Site "https://www.chess.com"]

[Event "Titled Tuesday Blitz April 12 Early 2022"]
[White "Sychev, Klementy"]
[Black "Dilanyan, Grigor"]
[WhiteFideId "4114060"]
[BlackFideId "13303570"]
[WhiteElo "2564"]
[BlackElo "2279"]
[Result "0-1"]
[Round "02"]
[TimeControl "180+1"]
[Date "2022.04.12"]
[WhiteClock "0:00:02"]
[BlackClock "0:01:36"]

1. e4 e5 2. Nf3 Nc6 3. Bb5 a6 4. Ba4 Nf6 5. Bxc6 dxc6 6. d3 Nd7 7. Nbd2 Bd6 8. Nc4 O-O 9. Qe2 Qe7 10. h4 f6 11. h5 Nc5 12. Be3 Bg4 13. Bd2 Ne6 14. Ne3 Nd4 15. Qd1 Bxf3 16. gxf3 Rad8 17. c3 Ne6 18. Nf5 Qf7 19. Be3 Kh8 20. Qc2 Bc5 21. O-O-O b5 22. d4 Bb6 23. Kb1 Nf4 24. Bxf4 exf4 25. Rdg1 Rg8 26. Rg4 b4 27. Rhg1 bxc3 28. bxc3 Ba5 29. Ka1 Qc4 30. Rc1 Rb8 31. Rxf4 Rb5 32. Ne3 Qf7 33. h6 gxh6 34. Ng4 Rgb8 35. Nxf6 Qc4 36. a4 Bxc3+ 37. Qxc3 Qxa4+ 0-1


[Site "https://www.chess.com"]

[Event "Titled Tuesday Blitz April 12 Early 2022"]
[White "Sztokbant, Bernardo Vainzoff"]
[Black "Tsyhanchuk, Stanislav"]
[WhiteFideId "2115956"]
[BlackFideId "13505130"]
[WhiteElo "2225"]
[BlackElo "2078"]
[Result "0-1"]
[Round "02"]
[TimeControl "180+1"]
[Date "2022.04.13"]
[WhiteClock "0:00:12"]
[BlackClock "0:00:59"]

1. e4 c5 2. Nf3 Nc6 3. d4 cxd4 4. Nxd4 Qb6 5. Nb3 Nf6 6. Nc3 e6 7. Be3 Qc7 8. Be2 Bb4 9. f3 d5 10. a3 Bxc3+ 11. bxc3 dxe4 12. O-O exf3 13. Bxf3 O-O 14. Qe1 Nd5 15. Bc5 Rd8 16. c4 Nf4 17. Qg3 e5 18. Be3 Be6 19. Nc5 Bxc4 20. Rfb1 b6 21. Ne4 Kh8 22. Re1 f6 23. Qh4 Rac8 24. Bxf4 exf4 25. Rad1 Ne5 26. Nxf6 Nxf3+ 27. gxf3 gxf6 28. Kh1 Qf7 29. Qxf4 Rxd1 30. Rxd1 Re8 31. Rd6 Re1+ 32. Kg2 Qg6+ 33. Kf2 Re2+ 34. Kf1 Qg2# 0-1


[Site "https://www.chess.com"]

[Event "Titled Tuesday Blitz April 12 Early 2022"]
[White "Tan, Jun Ying"]
[Black "Moroni, Luca Jr"]
[WhiteFideId "5710413"]
[BlackFideId "865834"]
[WhiteElo "1827"]
[BlackElo "2573"]
[Result "1-0"]
[Round "02"]
[TimeControl "180+1"]
[Date "2022.04.13"]
[WhiteClock "0:00:05"]
[BlackClock "0:00:04"]

1. d4 Nf6 2. c4 e6 3. Nc3 d5 4. cxd5 exd5 5. Bg5 c6 6. e3 h6 7. Bh4 Be6 8. Bd3 Nbd7 9. Nge2 g5 10. Bg3 Nh5 11. O-O Nxg3 12. Nxg3 h5 13. f4 Bg4 14. Qe1 h4 15. Nf5 Qf6 16. fxg5 Qxg5 17. e4 O-O-O 18. exd5 cxd5 19. Nxd5 Kb8 20. Qc3 Rc8 21. Qb3 Rg8 22. Be4 Bxf5 23. Rxf5 Qd2 24. Rd1 Rc1 25. Rxc1 Qxc1+ 26. Rf1 Qc8 27. Rxf7 Bd6 28. Rf1 h3 29. g3 Re8 30. Qf3 Qc4 31. Rd1 Rf8 32. Qd3 Qxa2 33. Qd2 Qb3 34. Nc3 Qc4 35. Qd3 Qb4 36. Kh1 Qxb2 37. Rb1 Qf2 38. Rxb7+ Kc8 39. Qc4+ Kd8 40. Rb1 Re8 41. Qd5 Rxe4 42. Qxe4 Nf6 43. Qa8+ Ke7 44. Qxa7+ Ke6 45. Qa8 Kf5 46. Qc8+ Kg5 47. Qb7 Ng4 48. Ne4+ Kf5 49. Nxf2 Nxf2+ 50. Kg1 Ng4 51. Qd7+ Ke4 52. Qxg4+ Kd3 53. Qxh3 1-0


[Site "https://www.chess.com"]

[Event "Titled Tuesday Blitz April 12 Early 2022"]
[White "Tasev, Dejan"]
[Black "Korchmar, Vasiliy"]
[WhiteFideId "936618"]
[BlackFideId "24131750"]
[WhiteElo "2253"]
[BlackElo "2370"]
[Result "0-1"]
[Round "02"]
[TimeControl "180+1"]
[Date "2022.04.13"]
[WhiteClock "0:00:06"]
[BlackClock "0:00:20"]

1. e4 c5 2. Nf3 d6 3. Nc3 Nc6 4. d4 cxd4 5. Nxd4 Nf6 6. Bc4 e6 7. Bb3 a6 8. Be3 Bd7 9. f3 b5 10. a3 Rc8 11. Qd2 Na5 12. O-O Be7 13. Rfd1 O-O 14. Rac1 Nc4 15. Bxc4 Rxc4 16. Qf2 Qc7 17. Rd2 Rb8 18. Rcd1 a5 19. Na2 e5 20. Nb3 Be6 21. c3 Rxe4 22. fxe4 Bxb3 23. Nc1 Nxe4 24. Qf3 Nxd2 25. Rxd2 Be6 26. Ne2 d5 27. Ng3 b4 28. axb4 axb4 29. cxb4 d4 30. Bf2 Bxb4 31. Rd1 Bf8 32. h3 Rxb2 33. Ne4 Qc2 34. Rf1 Bc4 35. Re1 Bd3 36. Ng5 Bg6 37. Rxe5 d3 38. Re8 Qc1+ 39. Kh2 Qxg5 40. Qa8 Qf4+ 41. Bg3 Qb4 42. Rb8 Qa3 43. Qxa3 Rxb8 44. Qa2 Rd8 45. Qd2 Bb4 46. Qxb4 d2 0-1


[Site "https://www.chess.com"]

[Event "Titled Tuesday Blitz April 12 Early 2022"]
[White "Taspinar, Yanki"]
[Black "Lorparizangeneh, Shahin"]
[WhiteFideId "34561188"]
[BlackFideId "12521604"]
[WhiteElo "1518"]
[BlackElo "2525"]
[Result "0-1"]
[Round "02"]
[TimeControl "180+1"]
[Date "2022.04.13"]
[WhiteClock "0:00:09"]
[BlackClock "0:00:21"]

1. c4 e6 2. e3 Nf6 3. d4 d5 4. Nc3 a6 5. b3 b6 6. Nf3 Bb7 7. Be2 Bb4 8. Qc2 O-O 9. O-O Nbd7 10. Bb2 Qe7 11. Rad1 Ba3 12. Ba1 Bd6 13. Rfe1 Ne4 14. Nxe4 dxe4 15. Ne5 Rad8 16. Bf1 Nxe5 17. dxe5 Bb4 18. Rxd8 Rxd8 19. Rd1 a5 20. g3 Rd7 21. Bg2 Qd8 22. Rd4 Bc5 23. Rxd7 Qxd7 24. Bc3 Qc6 25. Qd2 Qe8 26. Bd4 Bb4 27. Qc2 Qc6 28. h4 Kf8 29. h5 h6 30. g4 Ke7 31. Kh2 f5 32. Bh3 Qe8 33. Qe2 Qf7 34. Bb2 f4 35. Bd4 Ke8 36. Bb2 Bc6 37. Bc1 fxe3 38. Bxe3 Bc3 39. Kg1 Bxe5 40. g5 hxg5 41. Bxg5 Bd6 42. Qe3 Qxh5 43. Bxe6 Qd1+ 44. Kg2 Bc5 45. Qf4 e3+ 46. Kh3 Qh1+ 47. Kg4 Qg2+ 48. Kh5 Qf3+ 49. Kg6 Qxf4 50. Bxf4 exf2 51. Bf7+ Kd7 52. Kxg7 f1=Q 53. Bg5 Bd4+ 54. Kf8 Be4 55. Be7 Bc5 56. Bxc5 bxc5 57. Kg7 Qf4 58. Bh5 Kd6 59. Bf7 Ke5 60. a3 Qf6+ 61. Kf8 Bg6 62. Ke8 Qxf7+ 63. Kd8 Kd6 64. Kc8 Be4 65. Kb8 Qe8+ 66. Ka7 Qa8# 0-1


[Site "https://www.chess.com"]

[Event "Titled Tuesday Blitz April 12 Early 2022"]
[White "Timofeev, Artyom"]
[Black "Brodowski, Piotr"]
[WhiteFideId "4140419"]
[BlackFideId "1124480"]
[WhiteElo "2594"]
[BlackElo "2422"]
[Result "1-0"]
[Round "02"]
[TimeControl "180+1"]
[Date "2022.04.12"]
[WhiteClock "0:00:13"]
[BlackClock "0:00:03"]

1. e4 d6 2. d4 Nf6 3. Nc3 g6 4. Nf3 Bg7 5. h3 O-O 6. Be3 h6 7. Be2 c6 8. O-O Qc7 9. Qd2 Kh7 10. e5 Nd5 11. Nxd5 cxd5 12. Bf4 Nc6 13. exd6 exd6 14. Rfe1 Bf5 15. c3 Be4 16. Nh2 Rae8 17. Ng4 g5 18. Bg3 f5 19. f3 fxg4 20. fxe4 gxh3 21. exd5 Ne7 22. Bh5 Rd8 23. Qd3+ Kh8 24. Bd1 Nxd5 25. Bc2 Bf6 26. gxh3 Nf4 27. Bxf4 gxf4 28. Kh1 Rg8 29. Rg1 Bh4 30. Rg6 Rxg6 31. Qxg6 Qg7 32. Rg1 Bg3 33. Qe6 Rf8 34. Qe4 Qd7 35. Kg2 Qg7 36. Kf1 Qd7 37. Rg2 Qb5+ 38. Bd3 Qd7 39. h4 h5 40. Qg6 1-0


[Site "https://www.chess.com"]

[Event "Titled Tuesday Blitz April 12 Early 2022"]
[White "Vianello, Enrico"]
[Black "Baches Garcia, Guillermo"]
[WhiteFideId "810738"]
[BlackFideId "2209764"]
[WhiteElo "2268"]
[BlackElo "2506"]
[Result "1/2-1/2"]
[Round "02"]
[TimeControl "180+1"]
[Date "2022.04.13"]
[WhiteClock "0:00:46"]
[BlackClock "0:00:21"]

1. Nf3 d5 2. g3 g6 3. Bg2 Bg7 4. O-O e5 5. d3 Nc6 6. Nbd2 Nge7 7. e4 O-O 8. c3 a5 9. Qe2 h6 10. a4 Be6 11. Re1 Qd7 12. Nf1 g5 13. h4 g4 14. N3d2 f5 15. exf5 Nxf5 16. d4 e4 17. Ne3 h5 18. Nxf5 Rxf5 19. Nf1 Raf8 20. Be3 Rf3 21. Rab1 Ne7 22. Qc2 Nf5 23. Bxf3 gxf3 24. Bg5 Bf7 25. Kh2 Nh6 26. Ne3 Ng4+ 27. Nxg4 Qxg4 28. Rh1 Be6 29. Kg1 Kh7 30. Qd2 b6 31. Qe3 Kg6 32. Kf1 Bc8 33. Ke1 Qd7 34. b3 Ba6 35. Bf4 Bd3 36. Rb2 c5 37. Be5 Bxe5 38. Qg5+ Kf7 39. Qxh5+ Ke7 40. Qxe5+ Kd8 41. Qb8+ Ke7 42. Qe5+ Kd8 43. Qb8+ Ke7 44. Qe5+ 1/2-1/2


[Site "https://www.chess.com"]

[Event "Titled Tuesday Blitz April 12 Early 2022"]
[White "Vinod, Kumar Sharma"]
[Black "Savchenko, Boris"]
[WhiteFideId "5013518"]
[BlackFideId "4147332"]
[WhiteElo "2154"]
[BlackElo "2557"]
[Result "0-1"]
[Round "02"]
[TimeControl "180+1"]
[Date "2022.04.13"]
[WhiteClock "0:00:08"]
[BlackClock "0:00:55"]

1. e4 c6 2. Ne2 e5 3. d4 Nf6 4. Nbc3 d6 5. h3 b5 6. a3 Nbd7 7. g4 h6 8. Bg2 a5 9. Be3 Ba6 10. Ng3 b4 11. Nce2 exd4 12. Nxd4 c5 13. Ndf5 Ne5 14. axb4 axb4 15. b3 g6 16. Nh4 Bg7 17. Nf3 Nfd7 18. Nxe5 Bxe5 19. f4 Bxa1 20. Qxa1 O-O 21. Kf2 Qh4 22. f5 Ne5 23. Qd1 Bd3 24. Bf1 Bxf1 25. Qxf1 Ra2 26. Qd1 c4 27. Kg2 cxb3 28. Ne2 Rxc2 29. Qxd6 Rxe2+ 30. Kf1 Qe1# 0-1


[Site "https://www.chess.com"]

[Event "Titled Tuesday Blitz April 12 Early 2022"]
[White "Vlassov, Nikolai"]
[Black "Gharibyan, Mamikon"]
[WhiteFideId "4103360"]
[BlackFideId "13308300"]
[WhiteElo "2407"]
[BlackElo "2254"]
[Result "0-1"]
[Round "02"]
[TimeControl "180+1"]
[Date "2022.04.12"]
[WhiteClock "0:01:09"]
[BlackClock "0:00:22"]

1. e4 e5 2. Bc4 Nf6 3. Nc3 Bb4 4. Nf3 Bxc3 5. dxc3 d6 6. Bg5 h6 7. Bh4 g5 8. Bg3 Bg4 9. Qe2 Nbd7 10. O-O-O Qe7 11. Qe3 Be6 12. Bb5 a6 13. Ba4 b5 14. Bb3 Bxb3 15. cxb3 a5 16. Nd2 a4 17. h4 g4 18. h5 Qe6 19. Kc2 d5 20. f3 gxf3 21. gxf3 Qc6 22. Rhe1 d4 23. Qf2 axb3+ 24. axb3 Nc5 25. Ra1 d3+ 26. Kb1 Rxa1+ 27. Kxa1 Kd7 28. Bxe5 Ra8+ 29. Kb1 Qa6 30. Kc1 Qa1+ 31. Nb1 Nxb3+ 32. Kd1 Qxb1# 0-1


[Site "https://www.chess.com"]

[Event "Titled Tuesday Blitz April 12 Early 2022"]
[White "Vovk, Orest"]
[Black "Hoffmann, Asa"]
[WhiteFideId "14113490"]
[BlackFideId "2001470"]
[WhiteElo "2203"]
[BlackElo "2117"]
[Result "1-0"]
[Round "02"]
[TimeControl "180+1"]
[Date "2022.04.13"]
[WhiteClock "0:00:20"]
[BlackClock "0:00:27"]

1. h4 e5 2. h5 d5 3. h6 Nxh6 4. d4 e4 5. Bxh6 gxh6 6. e3 Bf5 7. c4 c6 8. Nc3 Bb4 9. Qb3 Qa5 10. cxd5 cxd5 11. Rh5 Be6 12. Ne2 Nc6 13. a3 O-O-O 14. Rc1 Bxc3+ 15. Nxc3 Kb8 16. Bb5 Ne7 17. Kf1 Rc8 18. Rc2 Rhg8 19. Be2 Nf5 20. g4 Nd6 21. Rxh6 Nc4 22. Bxc4 dxc4 23. Qb5 Qxb5 24. Nxb5 Bxg4 25. Rxh7 Be6 26. Nd6 Rc6 27. Nxe4 Bf5 28. Rh4 Re8 29. f3 b5 30. Rch2 Bxe4 31. Rxe4 Rxe4 32. fxe4 a5 33. Rh5 Rb6 34. Rc5 Kb7 35. Kf2 Ka6 36. d5 f6 37. Kf3 Rd6 38. a4 bxa4 39. Rxc4 Kb5 40. Rc8 f5 41. exf5 Rxd5 42. e4 Rd2 43. f6 Rd1 44. Ke2 Rd4 45. f7 Rxe4+ 46. Kd3 1-0


[Site "https://www.chess.com"]

[Event "Titled Tuesday Blitz April 12 Early 2022"]
[White "Vusatiuk, Vladimir"]
[Black "Oganian, Miran"]
[WhiteFideId "14118610"]
[BlackFideId "4122488"]
[WhiteElo "2157"]
[BlackElo "2357"]
[Result "0-1"]
[Round "02"]
[TimeControl "180+1"]
[Date "2022.04.13"]
[WhiteClock "0:00:03"]
[BlackClock "0:01:44"]

1. d4 e6 2. c4 d5 3. Nc3 a6 4. cxd5 exd5 5. Nf3 Nf6 6. Bf4 c6 7. e3 Bd6 8. Bg5 O-O 9. Bd3 Nbd7 10. O-O Re8 11. Qc2 Nf8 12. Rad1 Bg4 13. Ne2 Ng6 14. Nd2 h6 15. Bxf6 Qxf6 16. Rde1 Nh4 17. f3 Bh3 18. gxh3 Qg5+ 19. Ng3 Bxg3 20. Re2 Rxe3 21. Nb3 Rae8 22. Rxe3 Bf2+ 23. Kh1 Qg2# 0-1


[Site "https://www.chess.com"]

[Event "Titled Tuesday Blitz April 12 Early 2022"]
[White "Xiong, Jeffery"]
[Black "Weetik, Vjacheslav"]
[WhiteFideId "2047640"]
[BlackFideId "4153472"]
[WhiteElo "2727"]
[BlackElo "2469"]
[Result "1-0"]
[Round "02"]
[TimeControl "180+1"]
[Date "2022.04.12"]
[WhiteClock "0:01:30"]
[BlackClock "0:00:42"]

1. Nf3 Nf6 2. c4 g6 3. b3 Bg7 4. Bb2 O-O 5. g3 c6 6. Bg2 d5 7. O-O a5 8. Nc3 Na6 9. d4 Bf5 10. Ne5 Nc7 11. Rc1 Ng4 12. e4 Nxe5 13. exf5 Nd7 14. fxg6 hxg6 15. cxd5 cxd5 16. Nxd5 Nb5 17. Qe2 Nxd4 18. Nxe7+ Kh7 19. Bxd4 Bxd4 20. Bxb7 Re8 21. Bxa8 Qxa8 22. Qg4 Qa7 23. Nc6 1-0


[Site "https://www.chess.com"]

[Event "Titled Tuesday Blitz April 12 Early 2022"]
[White "Xu, Yi"]
[Black "Janaszak, Dawid"]
[WhiteFideId "8605564"]
[BlackFideId "1119206"]
[WhiteElo "2471"]
[BlackElo "2199"]
[Result "1-0"]
[Round "02"]
[TimeControl "180+1"]
[Date "2022.04.13"]
[WhiteClock "0:00:34"]
[BlackClock "0:00:14"]

1. e4 c5 2. Nf3 Nc6 3. Bb5 g6 4. O-O Bg7 5. Re1 Nf6 6. c3 O-O 7. h3 e5 8. d4 exd4 9. cxd4 cxd4 10. e5 Nd5 11. Bg5 Qb6 12. Na3 Re8 13. Nc4 Qxb5 14. Nd6 Qxb2 15. Nxe8 Nc3 16. Qd3 d5 17. Nxg7 Kxg7 18. Bf6+ Kg8 19. e6 Bxe6 20. Nxd4 Ne4 21. Qe3 Nxf6 22. Nxe6 fxe6 23. Qxe6+ Kh8 24. Rab1 Qc3 25. Rb3 Qd4 26. Rxb7 Ne4 27. Qf7 Ng5 28. Re8+ 1-0


[Site "https://www.chess.com"]